 Dungeon Crawl Stone Soup version 0.17.1-3-g152610e (webtiles) character file.

219 Glider the Stinger (level 5, -1/35 HPs)
             Began as an Octopode Venom Mage on Mar 25, 2016.
             Was an Initiate of Vehumet.
             Slain by a gnoll
             ... wielding a +0 club
              (3 damage)
             ... on level 4 of the Dungeon.
             The game lasted 00:14:38 (4417 turns).

Glider the Stinger (Octopode Venom Mage)            Turns: 4417, Time: 00:14:38

Health: -1/35      AC:  1    Str:  8    XL:     5   Next: 96%
Magic:  1/8        EV: 12    Int: 18    God:    Vehumet [......]
Gold:   121        SH:  0    Dex: 12    Spells: 3 memorised, 2 levels left

rFire  . . .     SeeInvis .     d - +0 short sword
rCold  . . .     Clarity  .     (no shield)
rNeg   . . .     SustAt   .     (helmet restricted)
rPois  .         Gourm    .     (no amulet)
rElec  .         Spirit   .     n - ring of flight
rCorr  .         Warding  .     (no ring)
rMut   .         Stasis   .     (no ring)
MR     .....                    (no ring)
Stlth  ++++......               (no ring)
                                (no ring)
                                (no ring)
                                (no ring)

@: very slightly contaminated, not resistant to hostile enchantments, stealthy
A: almost no armour, amphibious, 8 rings, constrict 8, camouflage 1, gelatinous
body 1
a: Renounce Religion, Evoke Flight


You were on level 4 of the Dungeon.
You worshipped Vehumet.
Vehumet was noncommittal.
You were very hungry.

You visited 2 branches of the dungeon, and saw 5 of its levels.

You collected 121 gold pieces.

Inventory:

Hand Weapons
 d - a +0 short sword (weapon)
Missiles
 s - 60 poisoned needles
Jewellery
 n - a ring of flight (left tentacle)
Scrolls
 c - a scroll of fog {unknown}
 g - 4 scrolls of identify {unknown}
 h - 2 scrolls of immolation {unknown}
 i - 2 scrolls of enchant weapon {unknown}
 l - 2 scrolls of remove curse
Potions
 e - a potion of lignification {unknown}
 f - a potion of magic {unknown}
 k - 2 potions of berserk rage {unknown}
 m - a potion of brilliance {unknown}
 q - a potion of poison {unknown}
 r - a potion of cancellation {unknown}
Books
 a - a Young Poisoner's Handbook

   Spells                             Type                      Level
   a - Sting                          Conjuration/Poison           1
   b - Cure Poison                    Poison                       2
   c - Mephitic Cloud                 Conjuration/Poison/Air       3
   d - Olgreb's Toxic Radiance        Poison                       4
   e - Venom Bolt                     Conjuration/Poison           5
Comestibles
 b - 3 bread rations
 j - 2 meat rations
 o - a slice of pizza
 p - a beef jerky


   Skills:
 + Level 2.4 Fighting
 - Level 2.0 Dodging
 + Level 4.4 Stealth
 - Level 2.0 Spellcasting
 * Level 1.9 Conjurations
 * Level 2.1 Air Magic
 + Level 5.8 Poison Magic


You had 2 spell levels left.
You knew the following spells:

 Your Spells              Type           Power        Failure   Level  Hunger
a - Sting                 Conj/Pois      ###.         4%          1    #......
b - Cure Poison           Pois           ###.......   2%          2    ###....
c - Mephitic Cloud        Conj/Pois/Air  ##......     17%         3    ###....


Dungeon Overview and Level Annotations

Branches:
Dungeon (4/15)             Temple (1/1) D:4

Altars:
Dithmenos
Elyvilon
Fedhas
Nemelex Xobeh
Okawaru
Qazlal
Ru
Sif Muna
Trog
Vehumet
Xom
Yredelemnul
Zin
The Shining One

Annotations:
D:3 Edmund; cada's ghost, weakling OpFi


Innate Abilities, Weirdness & Mutations

You cannot wear most types of armour.
You are amphibious.
You can wear up to eight rings at the same time.
You can use your tentacles to constrict eight enemies at once.
Your skin changes colour to match your surroundings (Stealth).
Your rubbery body absorbs attacks (AC +1).


Message History

You constrict the gnoll.
You kill the gnoll!
Vehumet accepts your kill.
You constrict the gnoll, but do no damage.
The gnoll hits you.
Casting: Sting
Confirm with . or Enter, or press ? or * to list all spells.
Aiming: Sting
Press: ? - help, Shift-Dir - straight line, f - gnoll, p - gnoll
Aim: a gnoll, wielding a club The sting hits the gnoll.
The gnoll is lightly wounded.
You constrict the gnoll. The gnoll hits you. The gnoll hits you with a club.
* * * LOW HITPOINT WARNING * * *
You hit the gnoll but do no damage.
The gnoll is severely wounded.
You constrict the gnoll. The gnoll hits you.
* * * LOW HITPOINT WARNING * * *
The gnoll hits you with a club.
You die...

#......# #.....#......#.(..##
#.....#......#.....
#.....#......#....#
##.....#......#....#
g......#......#....#
.......#......#....##
#...?.#@.....#.....#
#.....gg.....'....######
#.....#......#....#.....
#.....#......#....#.....
#.....#......#....#.....
#.....'......+....'.....
#####+###.....#......######.....
#.......!.....#.................
#.............#.................


You could see 2 gnolls.

Vanquished Creatures
  An orc priest (D:4)
  2 hounds (D:4)
  A hound skeleton (D:4)
  2 gnolls
  An adder (D:2)
  2 worms (D:3)
  4 giant geckos
  3 orcs (D:4)
  4 ball pythons
  9 bats
  3 giant cockroaches
  12 goblins
  8 hobgoblins
  2 quokkas
  6 giant newts
  9 kobolds
  7 rats
76 creatures vanquished.

Notes
Turn   | Place    | Note
--------------------------------------------------------------
     0 | D:1      | Glider the Octopode Venom Mage began the quest for the Orb.
     0 | D:1      | Reached XP level 1. HP: 11/11 MP: 3/3
    90 | D:1      | Reached skill level 5 in Poison Magic
   105 | D:1      | Reached XP level 2. HP: 10/18 MP: 0/5
   588 | D:1      | Reached skill level 1 in Fighting
   592 | D:1      | Learned a level 2 spell: Cure Poison
   613 | D:1      | Reached XP level 3. HP: 3/23 MP: 3/6
  1101 | D:1      | Learned a level 3 spell: Mephitic Cloud
  1633 | D:2      | Reached XP level 4. HP: 22/29 MP: 4/7
  1763 | D:2      | Reached skill level 1 in Air Magic
  2097 | D:3      | Noticed cada's ghost (weakling OpFi)
  2421 | D:3      | Reached skill level 1 in Conjurations
  2702 | D:3      | Found a faded altar to an unknown god.
  3270 | D:4      | Found a staircase to the Ecumenical Temple.
  3277 | Temple   | Entered the Ecumenical Temple
  3520 | Temple   | Became a worshipper of Vehumet
  3577 | D:4      | Reached XP level 5. HP: 14/34 MP: 5/8
  4087 | D:4      | Noticed Edmund
  4417 | D:4      | Slain by a gnoll

Action                   |  1- 3 |  4- 6 || total
-------------------------+-------+-------++-------
Melee: Unarmed           |    10 |       ||    10
       Short sword       |    67 |    96 ||   163
 Cast: Sting             |    13 |    14 ||    27
       Mephitic Cloud    |       |     5 ||     5
  Use: Scroll            |     1 |       ||     1
 Stab: Sleeping          |     8 |    12 ||    20
       Confused          |       |     1 ||     1
  Eat: Chunk             |     2 |     9 ||    11
